 Dungeon Crawl Stone Soup version 0.26.0-10-g1f06aea511 (webtiles) character file.

Game seed: 12812772572232796561

43 Borgoz the Slasher (level 3, -3/30 HPs)
             Began as a Ghoul Gladiator on Jan 18, 2021.
             Slain by a gnoll
             ... wielding a +0 halberd
              (8 damage)
             ... on level 2 of the Dungeon.
             The game lasted 00:01:00 (1108 turns).

Borgoz the Slasher (Ghoul Gladiator)                Turns: 1108, Time: 00:01:00

Health: -3/30      AC:  4    Str: 17    XL:     3   Next: 58%
Magic:  2/2        EV: 11    Int:  3    God:
Gold:   113        SH:  3    Dex: 11    Spells: 2/2 levels left

rFire    . . .     SeeInvis .   a - +0 long sword
rCold    + . .     Faith    .   k - +0 buckler
rNeg     + + +     Spirit   .   b - +0 leather armour
rPois    ∞         Reflect  .   c - +0 helmet
rElec    .         Harm     .   (no cloak)
rCorr    .         Rampage  .   (no gloves)
Will     .....                  (no boots)
Stlth    +.........             (no amulet)
HPRegen  0.00/turn              (no ring)
MPRegen  0.08/turn              (no ring)

@: no status effects
A: claws 1, cold resistance 1, negative energy resistance 3, inhibited
regeneration, torment resistance, unbreathing
a: no special abilities


You were on level 2 of the Dungeon.
You visited 1 branch of the dungeon, and saw 2 of its levels.

You collected 113 gold pieces.

Inventory:

Hand Weapons
 a - a +0 long sword (weapon)
Missiles
 d - 3 throwing nets (quivered)
Armour
 b - a +0 leather armour (worn)
 c - a +0 helmet (worn)
 k - a +0 buckler (worn)
Scrolls
 e - 2 scrolls of identify {unknown}
 g - a scroll of remove curse {unknown}
 j - a scroll of magic mapping {unknown}
Potions
 h - a potion of attraction {unknown}


   Skills:
 + Level 2.7 Fighting
 * Level 3.1 Long Blades
 - Level 1.7 Throwing
 * Level 1.4 Armour
 + Level 2.9 Dodging


You had 2 spell levels left.
You didn't know any spells.
Your spell library was empty.

Dungeon Overview and Level Annotations

Branches:
Dungeon (2/15)

Altars:
Wu Jian


Innate Abilities, Weirdness & Mutations

You thrive by killing the living.
You are immune to poison.
You have sharp fingernails.
Your flesh is cold resistant. (rC+)
You are immune to negative energy. (rN+++)
You do not regenerate when monsters are visible.
You are immune to unholy pain and torment.
You can survive without breathing.


Message History

You feel better. The gnoll misses you.
It was a potion of heal wounds.
You feel much better. You block the gnoll's attack. The worm bites you!
You slash the worm!
The worm is severely wounded.
You block the gnoll's attack.
You hit the worm.
The worm is almost dead.
The worm bites you! The gnoll barely misses you.
You hit the worm.
You kill the worm!
The bat hits you but does no damage. x2; The gnoll closely misses you.
You miss the bat. The bat barely misses you.
The bat hits you but does no damage.
The gnoll hits you from afar with a +0 halberd.
* * * LOW HITPOINT WARNING * * *
You miss the bat. The bat hits you.
* * * LOW HITPOINT WARNING * * *
The gnoll hits you from afar with a +0 halberd!
You die...

#.# #.# ### #.#
#.. #.# #.#
##.## #.#
##...#####.####
#...........(.#
##....####.##.#
##.#.# #.##@#
#.#.# #.##b#
....# #...g.
##+### ####.##
#.# #.# #.) ...


You could see a gnoll and a bat.

Vanquished Creatures
  A gnoll (D:2)
  2 worms (D:2)
  A dart slug (D:2)
  2 leopard geckos (D:1)
  2 giant cockroaches (D:1)
  2 goblins
  3 hobgoblins (D:1)
  2 ball pythons (D:2)
  A bat (D:1)
  3 frilled lizards
  3 kobolds (D:1)
  4 rats (D:1)
26 creatures vanquished.

Notes
Turn   | Place    | Note
-------+----------+-------------------------------------------
     0 | D:1      | Borgoz the Ghoul Gladiator began the quest for the Orb.
     0 | D:1      | Reached XP level 1. HP: 17/17 MP: 0/0
   204 | D:1      | Reached XP level 2. HP: 22/25 MP: 1/1
   317 | D:1      | Reached skill level 3 in Long Blades
   378 | D:1      | Reached skill level 1 in Armour
   966 | D:2      | Reached XP level 3. HP: 30/30 MP: 2/2
   978 | D:2      | Found an ornate altar of the Wu Jian Council.
  1108 | D:2      | Slain by a gnoll

Illustrated notes

Levels and vault maps discovered:
D:1:      nzn_arrival_depleted_hourglass, layout_basic
D:2:      layout_loops_corners, overflow_temple_1_default, trog_hazing_becter,
          uniq_sigmund

Skill      XL: |  1  2 |
---------------+-------+-----
Long Blades    | 3 |  3.1
Armour         | 1 |  1.4
Fighting       | |  2.7
Throwing       | |  1.7
Dodging        | |  2.9

Action                   || total
-------------------------++-------
Melee: Long sword        ||    69
  Use: Potion            ||     3
Armor: Leather armour    ||    29
Dodge: Dodged            ||    51
Block: Buckler           ||     3
       Rpst.: Long sword ||    18
